1876 views
Uploaded 2023-04-16 23:58:09
Game version 1.35 (6115)
14:12 long 1on1 ladder game on (2)NorthernIsles_S2
Saved by DKnight
1876 views
Uploaded 2023-04-16 23:58:09
Game version 1.35 (6115)
14:12 long 1on1 ladder game on (2)NorthernIsles_S2

19 units @ 2.9k
/ 0.3k
11 buildings @ 1.8k
/ 0.7k



| Rod of Necromancy | 2 | 300 |
| Orb of Corruption | 1 | 375 |
| Scroll of Healing | 2 | 500 |
| Potion of Lesser Invulnerability | 1 | 150 |
| total: | 6 | 1325g |
| Acolyte | 4 | 300 | / | 0 |
| Ghoul | 6 | 720 | / | 0 |
| Crypt Fiend | 7 | 1505 | / | 280 |
| Obsidian Statue | 2 | 400 | / | 70 |
| total: | 19 | 2925g | / | 350w |
| Crypt | 1 | 200 | / | 50 |
| Altar of Darkness | 1 | 180 | / | 50 |
| Ziggurat | 5 | 750 | / | 250 |
| Tomb of Relics | 1 | 130 | / | 30 |
| Graveyard | 1 | 215 | / | 0 |
| Slaughterhouse | 1 | 140 | / | 135 |
| Boneyard | 1 | 175 | / | 200 |
| Halls of the Dead | 2 | 640 | / | 420 |
| Black Citadel | 2 | 650 | / | 460 |
| total: | 11 | 1790g | / | 715w |
| 0:02 | Acolyte |
| 0:02 | Acolyte |
| 0:06 | Crypt |
| 0:09 | Altar of Darkness |
| 0:23 | Ziggurat |
| 0:33 | Acolyte |
| 0:52 | Acolyte |
| 1:04 | Tomb of Relics |
| 1:12 | Ghoul |
| 1:31 | Ghoul |
| 1:37 | Ziggurat |
| 1:53 | Ghoul |
| 2:15 | Rod of Necromancy |
| 2:16 | Death Coil |
| 2:47 | Halls of the Dead |
| 2:48 | Ghoul |
| 3:12 | Ghoul |
| 3:19 | Graveyard |
| 4:28 | Ziggurat |
| 4:30 | Ghoul |
| 4:54 | Crypt Fiend |
| 5:50 | Black Citadel |
| 6:12 | Unholy Aura |
| 6:29 | Rod of Necromancy |
| 6:35 | Frost Nova |
| 6:40 | Slaughterhouse |
| 6:52 | Crypt Fiend |
| 7:02 | Ziggurat |
| 7:37 | Crypt Fiend |
| 7:40 | Creature Attack |
| 8:17 | Obsidian Statue |
| 8:17 | Destroyer Form |
| 8:45 | Death Coil |
| 9:07 | Obsidian Statue |
| 9:12 | Frost Armor |
| 9:18 | Silence |
| 9:24 | Creature Carapace |
| 9:40 | Potion of Lesser Invulnerability |
| 9:40 | Scroll of Healing |
| 10:09 | Unholy Strength |
| 10:09 | Improved Unholy Strength |
| 10:34 | Crypt Fiend |
| 11:15 | Crypt Fiend |
| 11:18 | Ziggurat |
| 11:28 | Black Arrow |
| 11:46 | Improved Creature Attack |
| 12:09 | Orb of Corruption |
| 12:09 | Scroll of Healing |
| 12:18 | Crypt Fiend |
| 12:38 | Boneyard |
| 13:13 | Unholy Aura |
| 13:44 | Crypt Fiend |
| Right click | 964 |
| Select group | 825 |
| Select | 280 |
| Misc. action | 83 |
| Build/train/purchase | 79 |
| Assign group | 45 |
| Use ability | 30 |
| Item give/drop | 4 |
| Remove unit | 1 |
36 units @ 4.5k
/ 0.2k
11 buildings @ 1.8k
/ 0.6k


| Rod of Necromancy | 1 | 150 |
| Ritual Dagger | 1 | 125 |
| Orb of Corruption | 1 | 375 |
| Potion of Mana | 1 | 200 |
| Scroll of Town Portal | 1 | 350 |
| Boots of Speed | 1 | 250 |
| Gloves of Haste | 1 | 125 |
| Pendant of Energy | 1 | 300 |
| total: | 8 | 1875g |
| Acolyte | 5 | 375 | / | 0 |
| Ghoul | 27 | 3240 | / | 0 |
| Crypt Fiend | 3 | 645 | / | 120 |
| Obsidian Statue | 1 | 200 | / | 35 |
| total: | 36 | 4460g | / | 155w |
| Spirit Tower | 1 | 145 | / | 40 |
| Crypt | 2 | 400 | / | 100 |
| Altar of Darkness | 1 | 180 | / | 50 |
| Ziggurat | 5 | 750 | / | 250 |
| Tomb of Relics | 1 | 130 | / | 30 |
| Graveyard | 1 | 215 | / | 0 |
| Slaughterhouse | 1 | 140 | / | 135 |
| Halls of the Dead | 1 | 320 | / | 210 |
| Black Citadel | 1 | 325 | / | 230 |
| total: | 11 | 1815g | / | 565w |
| 0:02 | Acolyte |
| 0:08 | Crypt |
| 0:12 | Altar of Darkness |
| 0:24 | Ziggurat |
| 0:33 | Acolyte |
| 0:51 | Tomb of Relics |
| 1:12 | Ghoul |
| 1:23 | Ziggurat |
| 1:26 | Ziggurat |
| 1:37 | Ghoul |
| 1:49 | Ghoul |
| 2:04 | Ghoul |
| 2:12 | Rod of Necromancy |
| 2:15 | Frost Nova |
| 2:22 | Ghoul |
| 2:49 | Ghoul |
| 2:56 | Graveyard |
| 3:17 | Ghoul |
| 3:18 | Ghoul |
| 4:08 | Dark Ritual |
| 4:09 | Halls of the Dead |
| 4:10 | Ghoul |
| 4:10 | Ghoul |
| 4:25 | Boots of Speed |
| 4:49 | Spirit Tower |
| 5:20 | Ghoul |
| 5:23 | Unholy Strength |
| 5:42 | Ghoul |
| 5:55 | Ghoul |
| 6:08 | Ghoul |
| 6:12 | Ziggurat |
| 6:26 | Unholy Armor |
| 6:47 | Frost Nova |
| 6:55 | Black Citadel |
| 7:40 | Crypt Fiend |
| 7:40 | Crypt Fiend |
| 7:44 | Slaughterhouse |
| 7:55 | Ritual Dagger |
| 8:18 | Crypt Fiend |
| 8:46 | Ghoul |
| 8:46 | Ghoul |
| 8:52 | Dark Ritual |
| 9:16 | Ziggurat |
| 9:19 | Death Coil |
| 9:27 | Acolyte |
| 9:45 | Gloves of Haste |
| 9:47 | Pendant of Energy |
| 10:41 | Ghoul Frenzy |
| 10:41 | Ghoul |
| 10:41 | Ghoul |
| 10:43 | Crypt |
| 10:59 | Scroll of Town Portal |
| 11:13 | Ghoul |
| 11:58 | Unholy Aura |
| 12:07 | Ghoul |
| 12:07 | Ghoul |
| 12:07 | Ghoul |
| 12:11 | Ghoul |
| 12:11 | Ghoul |
| 12:12 | Ghoul |
| 12:28 | Orb of Corruption |
| 12:35 | Obsidian Statue |
| 12:48 | Potion of Mana |
| 12:57 | Ghoul |
| 13:04 | Acolyte |
| 13:19 | Ghoul |
| 13:26 | Acolyte |
| Right click | 863 |
| Select | 359 |
| Select group | 304 |
| Misc. action | 123 |
| Build/train/purchase | 76 |
| Assign group | 30 |
| Use ability | 24 |
| Item give/drop | 9 |
| Esc | 8 |
| Chat | 6 |